[Event "Freestyle GOAT Challenge Rapid 2024"]
[Site "Weissenhaus"]
[Date "2024.02.09"]
[Round "1.4"]
[White "Ding, Liren"]
[Black "Caruana, Fabiano"]
[Result "0-1"]
[WhiteElo "2780"]
[BlackElo "2804"]
[Annotator "TA"]
[PlyCount "16"]
[EventDate "2024.02.05"]
[EventType "tourn"]
[EventCountry "GER"]
[SourceTitle "playchess.com"]
[Source "ChessBase"]
[SourceQuality "1"]
[TimeControl "1500+10"]

1. d4 f5 2. c4 b6 3. b4 e6 4. f3 f4 5. Kf2 d5 $2 {[%emt 0:01:17] [#]} (5... Bxb4 6. Bxf4 Nf6 7. Qb3 $15) ({Black should try} 5... Qh4+ $17 6. g3 fxg3+ 7. Kg2 Nc6 (7... Bxb4 8. hxg3 Qf6 9. Na3 $11)) 6. Nd2 $2 (6. Bxf4 $11 {and White is okay.} Nf6 7. Qa4+ Qd7 8. Qxd7+ Bxd7 9. Bd2 (9. Bxc7 Bxb4 10. a3 Ba5 $11)) 6... dxc4 $2 (6... Bxb4 7. Qa4+ $17) (6... Qh4+ $19 7. g3 fxg3+ 8. hxg3 Qxd4+ (8... Qxh1 $2 9. cxd5 exd5 10. e4 $19) 9. e3 Qxa1 10. cxd5 Bxb4 (10... Qxa2 11. Bc4 $17) (10... exd5 $2 11. Ne2 $19)) 7. Nxc4 $11 g5 ({Don't play} 7... b5 8. Ne5 $16) (7... Bxb4 $11 8. Bxf4 Nf6) 8. d5 $2 Na6 $2 {[%emt 0:05:19][%mdl 40960] Weighted Error Value: White=2.77/Black=2.02.  Missed win:     	---       	Black=1      Mistake:       	White=1     	Black=2     . Loss on time!?} (8... Bg7 $17 9. Bb2 Bxb2 (9... Qxd5 $2 {perishes.} 10. Qxd5 exd5 11. Bxg7 $18) 10. Nxb2 exd5) 0-1

[Event "Freestyle GOAT Challenge Rapid 2024"]
[Site "Weissenhaus"]
[Date "2024.02.09"]
[Round "2.2"]
[White "Firouzja, Alireza"]
[Black "Caruana, Fabiano"]
[Result "1/2-1/2"]
[ECO "C40"]
[WhiteElo "2759"]
[BlackElo "2804"]
[Annotator "TA"]
[PlyCount "25"]
[EventDate "2024.02.05"]
[EventType "tourn"]
[EventCountry "GER"]
[SourceTitle "playchess.com"]
[Source "ChessBase"]
[SourceQuality "1"]
[TimeControl "1500+10"]

1. e4 e5 2. Nf3 c6 3. c3 f6 4. g3 h5 5. Rg1 g6 (5... d5 $11) 6. Qe2 (6. Nh4 $14) 6... a6 7. b4 ({Better is} 7. d4 $14) 7... b5 (7... d6 $11) 8. Rh1 (8. a4 $14) 8... Bg7 (8... a5 $15) 9. Qe3 (9. d4 $11) 9... Qc7 (9... d5 $17 10. a4 Ne7) 10. Qe2 Bf8 (10... d5 $17 11. d4 dxe4 12. Qxe4 Ne7) 11. Qd1 (11. d4 $11) 11... a5 ({Black should play} 11... d5 $17 12. exd5 cxd5) 12. Qb3 (12. d4 $11 {keeps the balance.}) 12... axb4 13. Qf7+ $2 {[%emt 0:03:13][%mdl 40960] Weighted Error Value: White=0.89/Black=0.69.  Loses game:     	White=1     	---        Mistake:       	White=5     	Black=5      Inaccurate:     	White=1     	Black=1     . An unexpected result.} 1/2-1/2

[Event "Freestyle GOAT Challenge Rapid 2024"]
[Site "Weissenhaus"]
[Date "2024.02.09"]
[Round "2.4"]
[White "Gukesh D"]
[Black "Carlsen, Magnus"]
[Result "1-0"]
[WhiteElo "2725"]
[BlackElo "2830"]
[Annotator "TA"]
[PlyCount "16"]
[EventDate "2024.02.05"]
[EventType "tourn"]
[EventCountry "GER"]
[SourceTitle "playchess.com"]
[Source "ChessBase"]
[SourceQuality "1"]
[TimeControl "1500+10"]

1. f4 c6 2. g3 f5 3. Nf3 b5 4. e4 fxe4 5. Nd4 e6 6. c4 (6. d3 $15) 6... c5 $2 ({Black should play} 6... bxc4 $19 {White must now prevent ...Nf6.} 7. Bxc4 Nf6) 7. Nc6 $2 {[%emt 0:00:06][%mdl 8192] [#]} Bb7 $4 8. Nb4 $4 (8. Nxd8 $18 Kxd8 9. cxb5) 8... Na6 $2 {[%emt 0:00:00][%mdl 32768] Weighted Error Value: White=3.25/Black=1.60.  Loses game:     	White=1     	---        Missed win:     	White=1     	Black=3     . Loss on time!?} (8... cxb4 $19 9. f5 Nf6 (9... exf5 $2 10. cxb5 Nf6 11. Be2 $19) 10. cxb5 Bc5 (10... exf5 $2 11. Be2 $19)) 1-0